AoeStats
← KU3K - Prince Charles

Nomad

509111872Analyzed
4v4 RM · 6d ago on Sep 25, 2026· 48m 12s· 8 players
Game mode
Random Map
Map size
231×231
Population
200
Speed
Normal
Resources
Standard
Victory
Conquest
Starting age
Dark Age
Ending age
Imperial Age
RankedLock teamsTeams togetherTeam positionsShared explorationLock speedFull tech treeHidden civsTurbo modeCheats
Victory
Defeat
🇭🇰 Vietnamese · Hong Kong SAR China
1125
+15
🇭🇰 Franks · Hong Kong SAR China
1125
+16
🇭🇰 Maya · Hong Kong SAR China
1125
+16
🇭🇰 Ethiopians · Hong Kong SAR China
1125
+16
🇹🇼 Italians · Taiwan
1205
-20
🇹🇼 Chinese · Taiwan
1130
-16
🇹🇼 Franks · Taiwan
1124
-16
🇹🇼 Vietnamese · Taiwan
1009
-11
Amby
14:33 Feudal Age
16:00 Double-Bit Axe
20:28 Castle Age
34:40 Wheelbarrow
38:03 Stone Mining
39:13 Hand Cart
39:35 Bow Saw
40:13 Forging
40:12 Scale Barding Armor
43:07 Imperial Age
40:57 Husbandry
43:51 Chivalry
43:29 Cavalier
44:56 Paladin
46:36 Conscription
47:29 Chivalry
AnAnHeart
16:59 Feudal Age
25:59 Castle Age
24:39 Fletching
29:12 Bodkin Arrow
29:25 Padded Archer Armor
29:53 Thumb Ring
31:12 Double-Bit Axe
31:09 Horse Collar
32:06 Elite Skirmisher
36:10 Ballistics
37:17 Squires
45:06 Leather Archer Armor
bubu09
13:18 Loom
15:16 Feudal Age
18:44 Wheelbarrow
17:57 Double-Bit Axe
19:18 Gold Mining
22:09 Castle Age
21:13 Stone Mining
23:57 Bow Saw
24:51 Fishing Lines
26:18 Gillnets
30:34 Imperial Age
32:09 Ballistics
34:50 Two-Man Saw
34:16 Conscription
35:00 Fletching
36:48 Elite Chu Ko Nu
37:43 Squires
37:05 Pikeman
38:00 Forging
38:37 Halberdier
古特
4:34 Loom
15:08 Feudal Age
19:50 Castle Age
20:52 Bloodlines
21:04 Husbandry
23:15 Town Watch
32:37 Imperial Age
31:32 Scale Barding Armor
32:13 Gold Mining
34:28 Forging
41:57 Chain Barding Armor
KU3K - Prince Charles
4:07 Loom
14:00 Feudal Age
14:50 Double-Bit Axe
19:31 Castle Age
18:30 Gold Mining
18:44 Stone Mining
18:38 Horse Collar
20:16 Wheelbarrow
20:35 Bow Saw
21:08 Stone Shaft Mining
20:35 Fletching
24:20 Bodkin Arrow
25:57 Padded Archer Armor
25:21 Elite Skirmisher
26:59 Hul'che Javelineers
32:34 Fishing Lines
36:42 Imperial Age
34:48 Leather Archer Armor
35:30 Hand Cart
35:27 Squires
35:45 Heavy Plow
36:43 Thumb Ring
37:48 Conscription
37:36 Pikeman
37:44 Imperial Skirmisher
39:23 Bracer
40:18 Ring Archer Armor
40:10 Ballistics
40:51 Chemistry
41:00 Fortified Wall
41:05 Capped Ram
42:54 Hoardings
43:56 Siege Ram
KU3K - Gump
5:38 Loom
14:09 Feudal Age
17:49 Castle Age
16:52 Fletching
17:57 Padded Archer Armor
17:45 Double-Bit Axe
17:51 Crossbowman
18:31 Bodkin Arrow
23:18 Horse Collar
25:23 Wheelbarrow
27:30 Leather Archer Armor
28:48 Fervor
30:24 Hand Cart
31:29 Scale Mail Armor
31:26 Town Watch
33:55 Heavy Plow
37:58 Imperial Age
34:58 Man-at-Arms
36:17 Long Swordsman
38:10 Ballistics
38:03 Masonry
39:05 Conscription
38:09 Two-Handed Swordsman
39:39 Chain Mail Armor
40:05 Forging
40:51 Squires
41:16 Ballistics
40:31 Capped Ram
41:43 Arson
42:35 Iron Casting
42:33 Plate Mail Armor
42:38 Iron Casting
43:19 Bow Saw
43:02 Gold Mining
43:03 Stone Mining
43:25 Siege Ram
43:49 Arbalester
45:30 Blast Furnace
46:35 Two-Man Saw
46:13 Gold Shaft Mining
46:14 Stone Shaft Mining
46:23 Town Patrol
47:27 Chemistry
46:58 Royal Heirs
46:22 Elite Shotel Warrior
48:07 Murder Holes
48:18 Torsion Engines
KU3K - Grace
5:24 Loom
6:40 Loom
7:19 Loom
14:20 Feudal Age
19:15 Castle Age
17:05 Town Watch
20:47 Town Watch
22:50 Double-Bit Axe
24:48 Bow Saw
34:23 Imperial Age
32:52 Padded Archer Armor
32:43 Fletching
34:07 Leather Archer Armor
34:30 Wheelbarrow
33:44 Horse Collar
34:39 Elite Rattan Archer
37:36 Chemistry
36:58 Ballistics
37:51 Murder Holes
39:38 Fortified Wall
39:57 Gold Mining
39:57 Stone Mining
41:17 Ring Archer Armor
40:43 Bodkin Arrow
42:23 Paper Money
42:54 Stone Shaft Mining
43:23 Bracer
43:33 Siege Engineers
KU3K - sAmple
3:29 Loom
14:37 Feudal Age
16:12 Double-Bit Axe
19:30 Castle Age
21:47 Bow Saw
25:42 Town Watch
26:26 Gold Mining
28:25 Stone Mining
30:44 Wheelbarrow
32:48 Imperial Age
32:36 Gold Shaft Mining
32:21 Forging
32:16 Scale Barding Armor
32:47 Husbandry
33:06 Cavalier
35:08 Paladin
37:41 Chain Barding Armor
37:57 Iron Casting
38:27 Chivalry
42:18 Plate Barding Armor
42:43 Blast Furnace
42:33 Hand Cart
44:02 Medium Warships
Connection lost

Rejoining the realm…

Still unreachable

The connection could not be restored.

Session expired

The server has moved on; the page needs a fresh start.